 Dungeon Crawl Stone Soup version 0.26.1-2-gb8aa6d0cf2 (webtiles) character file.

Game seed: 712231661252373495

59 Gadfly the Ruffian (level 3, -1/36 HPs)
             Began as a Troll Monk on Feb 22, 2021.
             Slain by a kobold
             ... wielding a +0 whip
              (6 damage)
             ... on level 2 of the Dungeon.
             The game lasted 00:01:57 (874 turns).

Gadfly the Ruffian (Troll Monk)                      Turns: 874, Time: 00:01:58

Health: -1/36      AC:  8    Str: 20    XL:     3   Next: 78%
Magic:  2/2        EV: 10    Int:  6    God:
Gold:   36         SH:  0    Dex: 12    Spells: 2/2 levels left

rFire    + . .     SeeInvis .     - Unarmed
rCold    + . .     Faith    .   (no shield)
rNeg     . . .     Spirit   .   a - +0 robe
rPois    .         Reflect  .   (helmet restricted)
rElec    .         Harm     .   g - scarf {rC+ rF+}
rCorr    .         Rampage  .   (gloves unavailable)
Will     .....                  (boots unavailable)
Stlth    ++........             (no amulet)
HPRegen  0.52/turn              (no ring)
MPRegen  0.08/turn              (no ring)

@: lethally poisoned (-1 -> -3)
A: large, unfitting armour, antennae 1, claws 3, iridescent scales 1, mutation
resistance 1, regeneration 1, shaggy fur 1, tough skin 3
a: no special abilities


You were on level 2 of the Dungeon.
You visited 1 branch of the dungeon, and saw 2 of its levels.

You collected 36 gold pieces.

Inventory:

Armour
 a - a +0 robe (worn)
 g - a scarf of resistance (worn)
Potions
 b - 2 potions of curing {unknown}
 d - a potion of mutation
 f - a potion of heal wounds {unknown}
 h - a potion of flight {unknown}


   Skills:
 + Level 2.5 Fighting
 * Level 1.3 Armour
 * Level 2.7 Dodging
 - Level 1.0 Stealth
 * Level 3.3 Unarmed Combat
 * Level 1.0 Invocations
 * Level 0.6 Evocations


You had 2 spell levels left.
You didn't know any spells.
Your spell library was empty.

Dungeon Overview and Level Annotations

Branches:
Dungeon (2/15)

Altars:


Innate Abilities, Weirdness & Mutations

You are too large for most types of armour.
You have claws for hands.
Your natural rate of healing is unusually fast.
You are covered in fur. (AC +1)
You have extremely tough skin. (AC +3)
You have a pair of small antennae on your head.
You are partially covered in iridescent scales. (AC +2)
You are somewhat resistant to further mutation.


Message History

You are poisoned.
The water moccasin poisons you! The kobold hits you with a +0 whip.
* * * LOW HITPOINT WARNING * * *
The water moccasin barely misses you.
You feel sick.
You claw the kobold!
You kill the kobold!
You feel sick. The kobold hits you but does no damage.
Okay, then.
You scratch the water moccasin.
The water moccasin is almost dead.
You feel sick.
The water moccasin bites you but does no damage.
The kobold hits you with a +0 whip.
* * * LOW HITPOINT WARNING * * *
You scratch the water moccasin but do no damage.
The water moccasin is almost dead.
You feel sick. The water moccasin barely misses you.
The kobold hits you with a +0 whip.
You die...

...... # ......
.### ......
#### ..##......
#...##.........
.##
#......g.....
..# #.........#
.. ##KS†...#
#.#
###.@###.....
#.. #...## ...
#.##.### . ..
#....# #.
#...## #.
#...######## #.
###......... #.
#........#.
###.
#..........
##...


You could see a water moccasin, a hobgoblin and a kobold.

Vanquished Creatures
  An ooze (D:1)
  2 leopard geckos (D:1)
  3 giant cockroaches (D:1)
  3 goblins
  6 hobgoblins
  12 jackals
  7 kobolds
  A ball python (D:2)
  4 bats
  5 rats
44 creatures vanquished.

Notes
Turn   | Place    | Note
-------+----------+-------------------------------------------
     0 | D:1      | Gadfly the Troll Monk began the quest for the Orb.
     0 | D:1      | Reached XP level 1. HP: 22/22 MP: 0/0
    63 | D:1      | Reached XP level 2. HP: 29/29 MP: 1/1
   189 | D:1      | Reached skill level 1 in Armour
   205 | D:1      | Reached XP level 3. HP: 36/36 MP: 2/2
   706 | D:1      | Gained mutation: You are somewhat resistant to further
                  | mutation. [potion of mutation]
   706 | D:1      | Gained mutation: You are partially covered in iridescent
                  | scales. (AC +2) [potion of mutation]
   706 | D:1      | Gained mutation: You have a pair of small antennae on your
                  | head. [potion of mutation]
   766 | D:2      | Reached skill level 1 in Invocations
   858 | D:2      | Noticed a water moccasin
   874 | D:2      | Slain by a kobold

Illustrated notes

Levels and vault maps discovered:
D:1:      dpeg_arrival_rooms_b, layout_loops_cross, minmay_misc_feat_alley,
          st_stairs_13
D:2:      layout_rooms, minmay_overflow_temple_hex

Skill      XL: |  1  2  3 |
---------------+----------+-----
Armour         | 1 |  1.3
Invocations    | 1 |  1.0
Fighting       | |  2.5
Dodging        | |  2.7
Stealth        | |  1.0
Unarmed Combat | |  3.3
Evocations     | |  0.6

Action                   || total
-------------------------++-------
Melee: Unarmed           ||   123
  Use: Scroll            ||     2
       Potion            ||     1
 Stab: Sleeping          ||     7
Armor: Robe              ||    70
Dodge: Dodged            ||    68
